 Dungeon Crawl Stone Soup version 0.27.0-1-g7a089689b8 (webtiles) character file.

Game seed: 11532674982886570308

128 hatdisgam the Thaumaturge (level 5, 0/37 HPs)
             Began as a Gnoll Wanderer on Aug 9, 2021.
             Killed from afar by an orc wizard (7 damage)
             ... with a magic dart
             ... on level 3 of the Dungeon.
             The game lasted 00:05:38 (2627 turns).

hatdisgam the Thaumaturge (Gnoll Wanderer)          Turns: 2627, Time: 00:05:38

Health: 0/37       AC:  3    Str: 11    XL:     5   Next: 12%
Magic:  16/18      EV: 11    Int: 13    God:
Gold:   123        SH:  0    Dex: 11    Spells: 22/26 levels left

rFire    . . .     SeeInvis .   a - +0 club
rCold    . . .     Faith    .   (no shield)
rNeg     . . .     Spirit   .   b - +0 robe
rPois    .         Reflect  .   i - +0 helmet
rElec    .         Harm     .   (no cloak)
rCorr    .         Rampage  .   (no gloves)
Will     .....                  (no boots)
Stlth    +.........             (no amulet)
HPRegen  0.12/turn              (no ring)
MPRegen  0.16/turn              (no ring)

@: confused, flying, hasted, very quick
A: fangs 1, strong nose, distributed training
a: no special abilities


You were on level 3 of the Dungeon.
You visited 1 branch of the dungeon, and saw 3 of its levels.

You collected 123 gold pieces.

Inventory:

Hand Weapons
 a - a +0 club (weapon)
Missiles
 d - 67 stones (quivered)
Armour
 b - a +0 robe (worn)
 i - a +0 helmet (worn)
Scrolls
 f - a scroll of identify {unknown}
 g - 2 scrolls of teleportation {unknown}
 j - a scroll of amnesia {unknown}
 k - 3 scrolls of blinking {unknown}
 l - a scroll of fear {unknown}
 m - a scroll of enchant armour {unknown}
 o - 2 scrolls of silence {unknown}
 q - a scroll of torment {unknown}
Potions
 c - a potion of haste
 e - a potion of flight
 h - a potion of heal wounds {unknown}
 n - a potion of attraction {unknown}
 p - a potion of curing {unknown}


   Skills:
 + Level 1.3 Fighting
 + Level 1.3 Short Blades
 + Level 1.3 Long Blades
 + Level 1.3 Axes
 + Level 1.3 Maces & Flails
 + Level 1.3 Polearms
 + Level 1.3 Staves
 + Level 1.3 Slings
 + Level 1.3 Bows
 + Level 1.3 Crossbows
 + Level 1.3 Throwing
 + Level 1.3 Armour
 + Level 1.3 Dodging
 + Level 1.3 Stealth
 + Level 4.7 Shields
 + Level 1.3 Unarmed Combat
 + Level 11.2 Spellcasting
 + Level 1.1 Conjurations
 + Level 1.1 Hexes
 + Level 1.1 Summonings
 + Level 1.1 Necromancy
 + Level 2.3 Translocations
 + Level 2.3 Transmutations
 + Level 1.1 Fire Magic
 + Level 2.3 Ice Magic
 + Level 1.1 Air Magic
 + Level 1.1 Earth Magic
 + Level 1.1 Poison Magic
 + Level 1.5 Invocations
 + Level 1.3 Evocations


You had 22 spell levels left.
You knew the following spells:

 Your Spells              Type           Power      Damage    Failure   Level
a - Sandblast             Erth           20%        2d7       6%          1
b - Foxfire               Conj/Fire      40%        2x1d6     6%          1
c - Sublimation of Blood  Necr           5%         N/A       10%         2

Your spell library contained the following spells:

 Spells                   Type           Power      Damage    Failure   Level
 Wereblood                Tmut           13%        N/A       5%          2
 Passwall                 Tmut/Erth      9%         N/A       8%          2
 Conjure Flame            Conj/Fire      10%        6-21      19%         3
 Dazzling Flash           Conj/Hex       20%        N/A       19%         3
 Stone Arrow              Conj/Erth      20%        3d8       19%         3
 Petrify                  Tmut/Erth      11%        N/A       43%         4
 Agony                    Necr           10%        N/A       86%         5
 Silence                  Hex/Air        5%         N/A       86%         5
 Summon Hydra             Summ           5%         N/A       100%        7


Dungeon Overview and Level Annotations

Branches:
Dungeon (3/15)

Altars:
Sif Muna


Innate Abilities, Weirdness & Mutations

You have very sharp teeth.
Your uncanny sense of smell can sniff out nearby items.
Your experience applies equally to all skills.


Message History

The orc wizard is lightly wounded.
The foxfire hits the orc wizard.
The orc wizard is moderately wounded.
The orc wizard points at you and mumbles some strange words.
The magic dart hits you!
Unknown command.
Casting: Foxfire (safe; 6% risk of failure)
Confirm with . or Enter, or press ? or * to list all spells.
You conjure some foxfire!
A goblin comes into view. It is wielding a +0 club.
The orc wizard casts a spell at you.
You are confused.
The orc wizard casts a spell.
The orc wizard flickers and vanishes!
Deactivating autopickup; reactivate with Ctrl-A.
The foxfire hits the orc wizard but does no damage.
The orc wizard is moderately wounded.
The foxfire hits the orc wizard.
The orc wizard is severely wounded.
The orc wizard casts a spell at you. The puff of flame hits you!
The orc wizard points at you and mumbles some strange words.
The magic dart hits you.
* * * LOW HITPOINT WARNING * * *
Unknown command.
Unknown command.
There is an open door here.
You bump into the granite statue.
The goblin barely misses you.
You are more confused.
Unknown command.
It was a potion of haste.
You feel yourself speed up. The goblin misses you.
The orc wizard is engulfed in a cloud of scalding steam.
The orc wizard dies!
You have reached level 5!
It was a potion of flight.
You feel very buoyant.
You fly up into the air.
The goblin closely misses you.
A magic dart appears from out of thin air!
The magic dart hits you!
You die...

#### ######..##
#.≈..#8..###
#{≈..g._...#
#.≈.@#8..#.#
######..##.#
#######..######
#...............
#......#########
#....>.# ######
#......#
#..(.###
#......#
#.......
####..)...#
#.....##


You could see a goblin.

Vanquished Creatures
  Robin (D:2)
  2 adders (D:2)
  2 worms (D:2)
  A dart slug (D:1)
  5 endoplasms
  2 giant cockroaches (D:1)
  12 goblins
  10 hobgoblins
  7 jackals (D:1)
  2 quokkas
  2 ball pythons
  4 bats
  6 frilled lizards
  6 kobolds
  5 rats
67 creatures vanquished.

Vanquished Creatures (others)
  An orc wizard (D:3)
  160 foxfires
161 creatures vanquished.

Grand Total: 228 creatures vanquished

Notes
Turn   | Place    | Note
-------+----------+-------------------------------------------
     0 | D:1      | Reached skill level 11 in Spellcasting
     0 | D:1      | hatdisgam the Gnoll Wanderer began the quest for the Orb.
     0 | D:1      | hatdisgam set off with the following items: a +0 club, a +0
                  | robe; and the following spells available to memorise:
                  | Foxfire, Sandblast, Passwall, Conjure Flame, Stone Arrow,
                  | Petrify
     0 | D:1      | Reached XP level 1. HP: 13/13 MP: 12/12
     2 | D:1      | Learned a level 1 spell: Sandblast
     4 | D:1      | Learned a level 1 spell: Foxfire
    67 | D:1      | Found a faded altar of an unknown god.
    71 | D:1      | Reached XP level 2. HP: 19/19 MP: 9/14
   304 | D:1      | Reached XP level 3. HP: 9/25 MP: 8/15
   968 | D:1      | Reached skill level 1 in Invocations
  1474 | D:2      | Reached skill level 1 in Fighting
  1474 | D:2      | Reached skill level 1 in Short Blades
  1474 | D:2      | Reached skill level 1 in Long Blades
  1474 | D:2      | Reached skill level 1 in Axes
  1474 | D:2      | Reached skill level 1 in Maces & Flails
  1474 | D:2      | Reached skill level 1 in Polearms
  1474 | D:2      | Reached skill level 1 in Staves
  1474 | D:2      | Reached skill level 1 in Slings
  1474 | D:2      | Reached skill level 1 in Bows
  1474 | D:2      | Reached skill level 1 in Crossbows
  1474 | D:2      | Reached skill level 1 in Throwing
  1474 | D:2      | Reached skill level 1 in Armour
  1474 | D:2      | Reached skill level 1 in Dodging
  1474 | D:2      | Reached skill level 1 in Stealth
  1474 | D:2      | Reached skill level 1 in Unarmed Combat
  1474 | D:2      | Reached skill level 1 in Evocations
  1486 | D:2      | Reached XP level 4. HP: 32/32 MP: 11/17
  1487 | D:2      | Noticed Robin
  1497 | D:2      | Killed Robin
  1965 | D:2      | Reached skill level 1 in Conjurations
  1965 | D:2      | Reached skill level 1 in Hexes
  1965 | D:2      | Reached skill level 1 in Summonings
  1965 | D:2      | Reached skill level 1 in Necromancy
  1965 | D:2      | Reached skill level 1 in Fire Magic
  1965 | D:2      | Reached skill level 1 in Air Magic
  1965 | D:2      | Reached skill level 1 in Earth Magic
  1965 | D:2      | Reached skill level 1 in Poison Magic
  2195 | D:3      | Learned a level 2 spell: Sublimation of Blood
  2608 | D:3      | Found a shimmering blue altar of Sif Muna.
  2625 | D:3      | Reached XP level 5. HP: 7/37 MP: 16/18
  2627 | D:3      | Killed from afar by an orc wizard

Illustrated notes

Levels and vault maps discovered:
D:1:      dpeg_arrival_pits, layout_rooms,
          shapermc_ecumenical_altar_starsandcircs, roderic_lattice_a,
          moated_statue, minmay_octomino_j4
D:2:      layout_loops_cross, uniq_robin
D:3:      layout_rooms, led_sif_book, lightli_temple_of_fire

Skill      XL: |  1  2  3  4 |
---------------+-------------+-----
Spellcasting   | | 11.2
Translocations | 2 |  2.3
Transmutations | 2 |  2.3
Ice Magic      | 2 |  2.3
Invocations    | 1 |  1.5
Fighting       | 1 |  1.3
Short Blades   | 1 |  1.3
Long Blades    | 1 |  1.3
Axes           | 1 |  1.3
Maces & Flails | 1 |  1.3
Polearms       | 1 |  1.3
Staves         | 1 |  1.3
Slings         | 1 |  1.3
Bows           | 1 |  1.3
Crossbows      | 1 |  1.3
Throwing       | 1 |  1.3
Armour         | 1 |  1.3
Dodging        | 1 |  1.3
Stealth        | 1 |  1.3
Unarmed Combat | 1 |  1.3
Evocations     | 1 |  1.3
Conjurations   | 1 |  1.1
Hexes          | 1 |  1.1
Summonings     | 1 |  1.1
Necromancy     | 1 |  1.1
Fire Magic     | 1 |  1.1
Air Magic      | 1 |  1.1
Earth Magic    | 1 |  1.1
Poison Magic   | 1 |  1.1
Shields        | |  4.7

Action                   |  1- 3 |  4- 6 || total
-------------------------+-------+-------++-------
Melee: Club              |    19 |     2 ||    21
       Bite              |     2 |     1 ||     3
 Cast: Foxfire           |    57 |    41 ||    98
       Sandblast         |     5 |     7 ||    12
  Use: Potion            |       |     2 ||     2
Armor: Robe              |     8 |     5 ||    13
Dodge: Dodged            |    25 |     9 ||    34
